 Dungeon Crawl Stone Soup version 0.25-a0-283-ge7e91ba8d0 (webtiles) character file.

Game seed: 5666384936732064724, levelgen mode: deterministic

179337 D1HalberdGnoll the Warrior (level 17, -2/235 HPs)
             Began as a Purple Draconian Transmuter on Dec 11, 2019.
             Was a High Priest of Ru.
             Killed from afar by a thorn hunter (19 damage)
             ... with a volley of thorns
             ... on level 3 of the Swamp.
             The game lasted 01:45:48 (40257 turns).

D1HalberdGnoll the Warrior (DrTm)                  Turns: 40257, Time: 01:45:49

Health: -2/235     AC: 19    Str: 25    XL:     17   Next: 29%
Magic:  31/31      EV: 10    Int: 17    God:    Ru [*****.]
Gold:   750        SH:  0    Dex: 13    Spells: 6/36 levels left

rFire    . . .     SeeInvis .     - Unarmed
rCold    . . .     Gourm    .   (shield currently unavailable)
rNeg     . . .     Faith    .   (armour unavailable)
rPois    +         Spirit   .   (helmet currently unavailable)
rElec    .         Reflect  .   (cloak currently unavailable)
rCorr    .         Harm     .   (gloves currently unavailable)
MR       ++...                  (boots currently unavailable)
Stlth    +.........             H - amulet of regeneration
HPRegen  0.89/turn              Q - ring of protection from magic
MPRegen  0.22/turn              q - ring of poison resistance

@: confused, lethally poisoned (-2 -> -2), exhausted, dragon-form, flying,
lightly drained
A: giant, breathe power, unfitting armour, hated by all, no conjurations magic,
no hexes magic, no ice magic, magic vulnerability 1, missing an eye, AC +9
}: 1/15 runes: serpentine
a: Breathe Dispelling Energy, End Transformation, Draw Out Power, Power Leap,
Apocalypse, Renounce Religion


You were on level 3 of the Swamp.
You worshipped Ru.
Ru was extremely pleased with you.
You were hungry.
You were a fearsome dragon!
You visited 6 branches of the dungeon, and saw 27 of its levels.
You also visited: Ossuary.

You collected 3103 gold pieces.
You spent 2353 gold pieces at shops.

Inventory:

Hand Weapons
 y - the +11 dagger "Pigackad" {elec, rC+ Stlth+}
   (You found it on level 4 of the Dungeon)

   Occasionally, upon striking a foe, it will discharge some electrical energy
   and cause terrible harm.
   It protects you from cold.
   It makes you more stealthy.
Armour
 h - a scarf of spirit shield (melded)
 s - a +2 pair of boots of stealth (melded)
 t - a +2 pair of gloves (melded)
 A - a +0 buckler (melded)
 E - a +1 hat (melded)
Magical Staves
 P - an uncursed staff of wizardry (melded)
Jewellery
 a - the ring "Xiwkot" {Wiz Slay+2}
   (You bought it in a shop on level 10 of the Dungeon)

   [ring of wizardry]

   It improves your spell success rate.
   It affects your accuracy and damage with ranged weapons and melee attacks
   (+2).
 f - an uncursed ring of protection from fire
 i - an uncursed ring of protection from fire
 q - a ring of poison resistance (right foreclaw)
 r - an uncursed ring of see invisible {unknown}
 v - an uncursed ring of protection from fire
 C - an uncursed ring of resist corrosion
 H - an amulet of regeneration (around neck)
 O - a +2 ring of slaying
 Q - a ring of protection from magic (left foreclaw)
Wands
 j - a wand of random effects (66)
 w - a wand of flame (26)
 F - a wand of iceblast (12)
 G - a wand of polymorph (17)
 I - a wand of paralysis (10)
 N - a wand of disintegration (8)
Scrolls
 d - 6 scrolls of teleportation
 g - 17 scrolls of remove curse
 k - a scroll of enchant armour
 o - 19 scrolls of identify
 x - 7 scrolls of enchant weapon
 J - 4 scrolls of immolation
 R - a scroll of amnesia
 T - 2 scrolls of magic mapping
Potions
 b - 4 potions of agility
 e - 6 potions of lignification
 l - 8 potions of haste
 p - 4 potions of magic
 z - a potion of berserk rage
 B - 2 potions of brilliance
 D - 4 potions of flight
 K - 2 potions of mutation
 L - 3 potions of might
 S - 3 potions of curing
 U - a potion of resistance
Miscellaneous
 m - a box of beasts
 M - a crystal ball of energy
Comestibles
 c - 25 rations


   Skills:
 + Level 15.7(15.2) Fighting
 + Level 10.3(9.9) Dodging
 - Level 5.0(4.6) Stealth
 - Level 4.0(3.6) Shields
 + Level 15.5(15.0) Unarmed Combat
 - Level 10.0(9.6) Spellcasting
 * Level 15.4(15.0) Transmutations
 - Level 10.0(9.6) Evocations


You had 6 spell levels left.
You knew the following spells:

 Your Spells              Type           Power        Failure   Level  Hunger
a - Blade Hands           Tmut           ######....   1%          5    #####..
b - Sticks to Snakes      Tmut           ######..     1%          2    None
c - Dragon Form           Tmut           ######....   16%         7    #######
d - Hydra Form            Tmut           ######....   3%          6    ######.
e - Statue Form           Tmut/Erth      ####.....    54%         6    ######.
f - Spider Form           Tmut/Pois      ####......   1%          3    None
g - Apportation           Tloc           #.....       9%          1    None

Your spell library contained the following spells:

 Spells                   Type           Power        Failure   Level  Hunger
 Beastly Appendage        Tmut           ######       1%          1    None
 Passwall                 Tmut/Erth      ####....     1%          2    None
 Petrify                  Tmut/Erth      ####....     4%          4    ###....
 Sandblast                Erth           #.....       9%          1    None
 Poisonous Vapours        Pois/Air       #.....       14%         2    None
 Swiftness                Chrm/Air       #.......     14%         2    None
 Gell's Gravitas          Tloc           #.........   26%         3    None
 Airstrike                Air            #.........   65%         4    ###....
 Lee's Rapid Deconstruct  Erth           #.........   94%         5    #####..
 Ring of Flames           Chrm/Fire      #.........   100%        7    #######
 Ice Form                 Ice/Tmut       Unusable     N/A         4    N/A
 Animate Skeleton         Necr           Unusable     N/A         1    N/A
 Confusing Touch          Hex            Unusable     N/A         1    N/A
 Shock                    Conj/Air       Unusable     N/A         1    N/A
 Summon Small Mammal      Summ           Unusable     N/A         1    N/A
 Irradiate                Conj/Tmut      Unusable     N/A         5    N/A
 Yara's Violent Unravell  Hex/Tmut       Unusable     N/A         5    N/A
 Confuse                  Hex            Unusable     N/A         3    N/A
 Conjure Flame            Conj/Fire      Unusable     N/A         3    N/A
 Mephitic Cloud           Conj/Pois/Air  Unusable     N/A         3    N/A
 Static Discharge         Conj/Air       Unusable     N/A         3    N/A
 Stone Arrow              Conj/Erth      Unusable     N/A         3    N/A
 Lightning Bolt           Conj/Air       Unusable     N/A         5    N/A
 Metabolic Englaciation   Hex/Ice        Unusable     N/A         5    N/A
 Freezing Cloud           Conj/Ice/Air   Unusable     N/A         6    N/A

Dungeon Overview and Level Annotations

Branches:
Dungeon (11/15)            Temple (1/1) D:6            Lair (6/6) D:11
  Swamp (3/4) Lair:2        Snake (4/4) Lair:4        Slime (0/5) Lair:5
    Orc (2/2) D:11            Elf (0/3) Orc:2       Ossuary (visited)

Altars:
Ashenzari
Cheibriados
Dithmenos
Elyvilon
Fedhas
Gozag
Hepliaklqana
Kikubaaqudgha
Makhleb
Nemelex Xobeh
Okawaru
Qazlal
Ru
Sif Muna
Trog
Uskayaw
Vehumet
Wu Jian
Xom
Yredelemnul
Zin
The Shining One
Beogh

Shops:
D:4 *   D:10 }=:(   Orc:2 ==[}[   Snake:1 (   Snake:3 *   Snake:4 (

Annotations:
D:2 exclusion: ogre
D:8 exclusion: downstairs
Lair:1 3 runed translucent doors, Jihez's ghost, journeyman HuAE
Lair:4 3 runed translucent doors, Fotwecig's ghost, journeyman GnWz
Swamp:1 2 transporters
Swamp:3 Kirke
Snake:1 2 transporters, pentaxis93's ghost, adept VSCK


Innate Abilities, Weirdness & Mutations

You can breathe bolts of dispelling energy.
Your rich purple scales are hard. (AC +9)
You cannot fit into any form of body armour.
((You are cold-blooded and may be slowed by cold attacks.))
You are hated by all.
You cannot study or cast Conjurations magic.
You cannot study or cast Hexes magic.
You cannot study or cast Ice magic.
You are slightly vulnerable to magic. (MR-)
You are missing an eye, making it more difficult to aim.


Message History

Okay, then.
Evoke which item? (* to show all) (? for menu, Esc to quit)
Okay, then.
Okay, then.
Okay, then.
Evoke which item? (* to show all) (? for menu, Esc to quit)
Okay, then.
Okay, then.
Okay, then.
You are confused.
You feel invigorated.
You feel sick. The hog bites you but does no damage. The hornet stings you.
* * * LOW HITPOINT WARNING * * *
The manticore bites you.
* * * LOW HITPOINT WARNING * * *
The manticore misses you. The manticore claws you.
* * * LOW HITPOINT WARNING * * *
The thorn hunter fires a volley of thorns at you.
The volley of thorns hits you!!
You die...

≈..≈..≈.≈≈≈≈.♣♣≈≈≈≈.....♣ ♣≈
≈.≈≈≈.≈≈....♣♣♣♣...≈♣♣♣♣♣ ♣≈
.≈≈≈≈≈.≈.PPP≈♣≈...≈♣♣ ♣≈
≈≈≈≈≈....PPP.♣[≈.≈♣♣♣♣♣♣♣♣♣♣.
.≈≈≈≈≈♣♣.≈≈≈..≈≈≈.♣♣♣.≈...... ♣♣≈
♣....♣ ♣♣♣♣...≈≈≈..♣♣......≈.
≈...♣♣≈.♣ ♣♣♣♣♣§.≈≈≈≈<≈≈♣.....≈≈≈
≈≈≈≈♣♣♣♣ ♣♣P.≈♣H†§≈≈≈.^♣.≈≈...≈≈≈
≈≈≈≈.≈ ♣≈..♣.hDy≈≈...≈.≈≈..≈.≈≈
≈≈≈≈..♣♣♣♣♣≈.≈♣♣♣f...§≈..≈≈≈.♣..≈
≈≈≈≈≈..)[.....≈§≈.≈..≈≈≈≈≈≈≈.≈..≈
♣.≈≈≈≈..≈≈≈≈..≈≈.≈≈≈..§≈≈≈≈≈...≈≈
♣.≈≈≈≈≈§≈≈≈≈.≈≈≈.≈≈≈.♣♣≈.....≈≈≈≈
♣♣.≈≈≈≈≈{≈≈≈♣♣♣♣♣♣≈.≈♣♣♣♣≈♣..≈≈≈≈
♣.≈≈≈≈[h♣♣♣♣ ♣≈...♣♣♣♣♣♣≈≈≈≈.
..§≈≈≈≈@≈♣ ♣.≈≈♣♣♣≈≈♣≈≈≈≈..
...≈≈..≈♣♣ ♣≈.♣≈≈.♣♣♣≈≈..♣♣


You could see a thorn hunter, a manticore, a hog and a hornet.

Vanquished Creatures
  Vashnia (Snake:3)
  Nikola (Swamp:3)
  Jorgrun (Snake:1)
  Gastronok (D:11)
  4 thorn hunters
  14 nagarajas
  Aizul (Snake:2)
  A fire dragon (Lair:6)
  23 naga warriors
  4 hydras
  2 two-headed ogres (D:10)
  A shambling mangrove (Swamp:3)
  Erica (D:11)
  9 alligators
  4 anacondas
  4 death yaks (Lair:6)
  22 naga sharpshooters
  3 spriggans
  8 orc high priests (Orc:2)
  A shock serpent (Snake:4)
  Nergalle (D:10)
  A salamander mystic (Snake:3)
  A fire crab (Lair:6)
  2 sea snakes (Snake:2)
  5 naga ritualists
  4 swamp dragons
  A lindwurm (Lair:6)
  Pikel (D:4)
  A mana viper (Snake:1)
  An orc knight (Orc:1)
  An ugly thing (D:8)
  7 slime creatures
  7 salamanders
  15 naga magi
  5 elephants
  8 guardian serpents
  A torpor snail (Lair:2)
  17 black mambas
  14 spiny frogs
  2 molten gargoyles (Lair:6)
  A kobold demonologist (D:11)
  2 rime drakes
  12 komodo dragons
  14 tyrant leeches
  3 polar bears
  Grinder (D:4)
  6 hornets
  4 hippogriffs
  22 blink frogs
  A bog body (Swamp:2)
  A shadow (Swamp:1)
  A wraith (D:8)
  34 yaks
  6 wyverns
  A hog (Swamp:3)
  Grum (D:11)
  5 basilisks
  16 vampire mosquitoes
  A steam dragon (Lair:6)
  55 nagas
  7 wargs
  12 swamp worms
  5 hell hounds (Lair:6)
  14 porcupines
  Duvessa (D:6)
  8 water moccasins
  A hornet zombie (D:9)
  13 orc warriors
  2 sky beasts
  3 swamp drakes (Swamp:2)
  2 slaves
  A black bear (Lair:1)
  11 ogres
  2 ice beasts
  2 necrophages
  2 phantoms (D:7)
  10 wolves
  15 crocodiles
  A centaur (D:10)
  15 bullfrogs
  An elf zombie (D:8)
  Dowan (D:6)
  4 scorpions
  6 killer bees
  3 wights (D:8)
  5 howler monkeys
  4 electric eels
  3 lava snakes (Lair:6)
  A bullfrog zombie (D:9)
  2 centaur zombies
  8 crimson imps
  10 hounds
  A human zombie (D:8)
  7 jellies
  A bullfrog skeleton (D:5)
  37 orc priests
  4 centaur skeletons
  2 iguanas
  14 orc wizards
  11 worker ants
  2 killer bee zombies
  5 big kobold zombies (Ossuary)
  A hound skeleton (D:5)
  6 mummies
  A worker ant zombie (D:10)
  9 gnolls
  14 adders
  2 shadow imps
  6 oozes
  An adder zombie (D:6)
  6 worms
  3 dart slugs
  4 leopard geckos
  85 orcs
  2 spectral bats (Ossuary)
  5 ball pythons
  9 bats
  5 giant cockroaches
  7 gnoll zombies (Ossuary)
  7 goblins
  9 hobgoblins
  16 jackals
  9 kobolds
  4 quokkas
  4 bat simulacra (Ossuary)
  5 frilled lizards
  5 goblin simulacra (Ossuary)
  5 goblin zombies (Ossuary)
  5 hobgoblin zombies (Ossuary)
  A jackal zombie (D:5)
  3 kobold simulacra (Ossuary)
  7 kobold zombies (Ossuary)
  An orc zombie (Ossuary)
  A quokka skeleton (D:4)
  7 rats
  3 rat simulacra (Ossuary)
  3 spectral goblins (Ossuary)
  A spectral kobold (Ossuary)
  5 spectral rats (Ossuary)
  A briar patch (Swamp:2)
915 creatures vanquished.

Vanquished Creatures (collateral kills)
  Rupert (Lair:4)
  Urug (Lair:1)
  A troll (Orc:1)
  A blink frog (Lair:5)
  A hippogriff (D:9)
  A basilisk (Lair:5)
  A swamp worm (Lair:2)
  A water moccasin (Lair:4)
  An ice beast (D:11)
  A bullfrog zombie (D:9)
  An iguana (D:9)
  An adder (D:4)
  3 orcs
  A giant cockroach (D:2)
  A jackal (D:4)
  2 kobolds (D:2)
19 creatures vanquished.

Vanquished Creatures (others)
  A thorn hunter (Swamp:3)
  A hydra (Lair:2)
  2 naga magi
  A komodo dragon (Lair:6)
  A polar bear (Lair:3)
  2 hippogriffs (Lair:3)
  A wyvern (Lair:6)
  A hog (Swamp:3)
  A steam dragon (Lair:6)
  A swamp worm (Swamp:2)
  2 nagas (Snake:4)
  An orc (Orc:2)
  7 briar patches
  A butterfly (Lair:5)
  56 fungi
  26 plants
105 creatures vanquished.

Grand Total: 1039 creatures vanquished

Notes
Turn   | Place    | Note
-------+----------+-------------------------------------------
     0 | D:1      | D1HalberdGnoll the Draconian Transmuter began the quest for
                  | the Orb.
     0 | D:1      | Reached XP level 1. HP: 16/16 MP: 3/3
    84 | D:1      | Reached XP level 2. HP: 23/23 MP: 5/5
   714 | D:1      | Found a sparkling altar of Nemelex Xobeh.
   804 | D:1      | Reached XP level 3. HP: 29/29 MP: 6/6
  1112 | D:2      | Noticed an ogre
  1248 | D:2      | Learned a level 2 spell: Sticks to Snakes
  1338 | D:2      | Reached XP level 4. HP: 28/36 MP: 4/7
  1473 | D:2      | Found a faded altar of an unknown god.
  2814 | D:3      | Reached XP level 5. HP: 39/42 MP: 8/8
  3533 | D:3      | Reached XP level 6. HP: 30/51 MP: 9/9
  3712 | D:4      | Noticed Grinder
  3726 | D:4      | Killed Grinder
  3726 | D:4      | Reached skill level 5 in Unarmed Combat
  3947 | D:4      | Found Ukhlot's Assorted Antiques.
  3956 | D:4      | Bought a glowing scarf for 232 gold pieces
  4209 | D:4      | Noticed a slave
  4235 | D:4      | Killed a slave
  4249 | D:4      | Found an opulent altar of Gozag.
  4488 | D:4      | Got a brightly glowing dagger
  4489 | D:4      | Identified the +11 dagger "Pigackad" {elec, rC+ Stlth+}
                  | (You found it on level 4 of the Dungeon)
  4532 | D:4      | Your scales start taking on a rich purple colour.
  4532 | D:4      | Reached XP level 7. HP: 55/58 MP: 10/10
  4537 | D:4      | Learned a level 3 spell: Spider Form
  4548 | D:4      | Noticed Pikel
  4757 | D:4      | Killed Pikel
  4757 | D:4      | Reached XP level 8. HP: 41/67 MP: 9/11
  5261 | D:5      | Entered Level 5 of the Dungeon
  5269 | D:5      | Reached skill level 5 in Fighting
  5320 | D:5      | Found a sand-covered staircase.
  5347 | Ossuary  | Entered an ossuary
  5715 | D:5      | Reached skill level 5 in Transmutations
  5888 | D:5      | Reached skill level 5 in Dodging
  5898 | D:5      | Found a glowing golden altar of the Shining One.
  6069 | D:5      | Reached XP level 9. HP: 65/75 MP: 12/12
  6388 | D:6      | Found a staircase to the Ecumenical Temple.
  6398 | Temple   | Entered the Ecumenical Temple
  6745 | Temple   | Became a worshipper of Ru the Awakened
  6811 | D:6      | Noticed Duvessa
  6811 | D:6      | Noticed Dowan
  6825 | D:6      | Killed Dowan
  6825 | D:6      | Reached skill level 1 in Shields
  6832 | D:6      | Killed Duvessa
  7562 | D:6      | Found a snail-covered altar of Cheibriados.
  7709 | D:7      | Found a bloodstained altar of Trog.
  7733 | D:7      | Found a blossoming altar of Fedhas.
  8679 | D:8      | Reached XP level 10. HP: 25/86 MP: 9/13
  9113 | D:8      | Found a basalt altar of Yredelemnul.
  9356 | D:8      | Found a burning altar of Makhleb.
  9506 | D:9      | Noticed a brown ugly thing
  9712 | D:8      | Killed a brown ugly thing
  9712 | D:8      | Reached skill level 1 in Stealth
 10257 | D:9      | Found a shimmering blue altar of Sif Muna.
 10830 | D:9      | Learned a level 1 spell: Confusing Touch
 10842 | D:10     | Entered Level 10 of the Dungeon
 10842 | D:10     | Found Dizeij's Gadget Shoppe.
 10910 | D:10     | Found Ruegiclu's Weapon Emporium.
 11008 | D:10     | Found Yhelo's Jewellery Emporium.
 11015 | D:10     | Bought an uncursed ring of poison resistance for 220 gold
                  | pieces
 11025 | D:10     | Found Atsusic's Book Boutique.
 11071 | D:10     | Noticed a two-headed ogre
 11088 | D:10     | Killed a two-headed ogre
 11345 | D:10     | Noticed a two-headed ogre
 11356 | D:10     | Killed a two-headed ogre
 11356 | D:10     | Reached XP level 11. HP: 70/95 MP: 14/14
 11827 | D:10     | Noticed Nergalle
 11848 | D:10     | Killed Nergalle
 12100 | D:11     | Found a gate leading to a gauntlet.
 12132 | D:11     | Found a staircase to the Orcish Mines.
 12344 | D:11     | Noticed Grum
 12368 | D:11     | Killed Grum
 12379 | D:11     | Reached skill level 10 in Unarmed Combat
 12765 | D:11     | Noticed Gastronok
 12814 | D:11     | Killed Gastronok
 13018 | D:11     | Found a staircase to the Lair.
 13470 | D:11     | Reached skill level 5 in Stealth
 13529 | D:11     | Found a roughly hewn altar of Beogh.
 13555 | D:11     | Gained mutation: You cannot study or cast Ice magic. [Ru
                  | sacrifice]
 13555 | D:11     | Gained mutation: You cannot study or cast Hexes magic. [Ru
                  | sacrifice]
 13555 | D:11     | Gained mutation: You cannot study or cast Conjurations
                  | magic. [Ru sacrifice]
 13555 | D:11     | Reached * piety under Ru
 13911 | D:11     | Noticed Erica
 13931 | D:11     | Killed Erica
 13931 | D:11     | Reached skill level 10 in Transmutations
 13931 | D:11     | Reached XP level 12. HP: 55/105 MP: 15/15
 14227 | Lair:1   | Entered Level 1 of the Lair of Beasts
 15018 | Lair:1   | Found a runed translucent gate.
 15018 | Lair:1   | Found a runed translucent gate.
 15019 | Lair:1   | Found a runed translucent gate.
 15023 | Lair:1   | Noticed Jihez's ghost (journeyman HuAE)
 15315 | Lair:1   | Noticed Urug
 15336 | Lair:1   | Killed Urug
 15336 | Lair:1   | Reached skill level 10 in Fighting
 16337 | Lair:2   | Found a staircase to the Swamp.
 16959 | Lair:2   | Noticed a five-headed hydra
 16966 | Lair:2   | Killed a five-headed hydra
 16966 | Lair:2   | Reached skill level 5 in Spellcasting
 17372 | Lair:2   | Gained mutation: You are slightly vulnerable to magic.
                  | (MR-) [Ru sacrifice]
 17372 | Lair:2   | Reached ** piety under Ru
 17965 | D:10     | Bought an uncursed amulet of regeneration for 330 gold
                  | pieces
 19117 | Lair:4   | Found a runed translucent gate.
 19117 | Lair:4   | Found a runed translucent gate.
 19117 | Lair:4   | Found a runed translucent gate.
 19120 | Lair:4   | Noticed Fotwecig's ghost (journeyman GnWz)
 19121 | Lair:4   | Noticed an 11-headed hydra
 19298 | Lair:3   | Reached XP level 13. HP: 75/115 MP: 20/24
 19538 | Lair:4   | Noticed Rupert
 19730 | Lair:4   | Found a staircase to the Snake Pit.
 19796 | Lair:4   | Paralysed by Rupert for 4 turns
 19803 | Lair:4   | Killed Rupert
 20476 | Lair:4   | Gained mutation: You are missing an eye, making it more
                  | difficult to aim. [Ru sacrifice]
 20476 | Lair:4   | Reached *** piety under Ru
 20547 | Lair:5   | Reached skill level 1 in Evocations
 20740 | Lair:5   | Found a staircase to the Slime Pits.
 21209 | Lair:5   | Learned a level 5 spell: Blade Hands
 22158 | D:10     | Bought the ring "Xiwkot" {Wiz Slay+2} for 499 gold pieces
 22268 | Lair:6   | Entered Level 6 of the Lair of Beasts
 22308 | Lair:6   | Reached skill level 10 in Dodging
 22581 | Lair:6   | Reached skill level 10 in Spellcasting
 23016 | Lair:6   | Reached XP level 14. HP: 100/125 MP: 18/28
 23076 | Lair:6   | Reached skill level 5 in Evocations
 23682 | Lair:6   | Found a large runed translucent door.
 23682 | Lair:6   | Found a large runed translucent door.
 24032 | Orc:1    | Entered Level 1 of the Orcish Mines
 24213 | Orc:2    | Entered Level 2 of the Orcish Mines
 24722 | Orc:2    | Found Idizxecw's Antique Armour Boutique.
 25197 | Orc:2    | Found a staircase to the Elven Halls.
 25252 | Orc:2    | Found Neuh's Jewellery Shop.
 25375 | D:10     | Bought a book of Transfigurations for 605 gold pieces
 25375 | D:10     | Bought a book of Cantrips for 220 gold pieces
 25382 | D:10     | Learned a level 6 spell: Hydra Form
 25626 | Orc:2    | Bought a pair of runed boots for 247 gold pieces
 26080 | Orc:2    | Learned a level 6 spell: Statue Form
 26088 | Orc:2    | Learned a level 7 spell: Dragon Form
 26113 | Orc:2    | Found Hutuky's Antique Armour Shoppe.
 26113 | Orc:2    | Found Maleog's Gadget Shop.
 26148 | Orc:2    | Found a roughly hewn altar of Beogh.
 26157 | Orc:2    | Found Zodets's Jewellery Shoppe.
 26340 | Snake:1  | Entered Level 1 of the Snake Pit
 26402 | Snake:1  | Found a transporter.
 26408 | Snake:1  | Noticed pentaxis93's ghost (adept VSCK)
 26576 | Snake:1  | Found Unageli's Antique Weapon Boutique.
 26645 | Snake:1  | Found a transporter.
 26730 | Snake:1  | Noticed Jorgrun
 26746 | Snake:1  | Killed Jorgrun
 26857 | Snake:1  | You fall into a shaft and drop 1 floor!
 27166 | Snake:1  | Gained mutation: You are hated by all. [Ru sacrifice]
 27166 | Snake:1  | Reached **** piety under Ru
 27166 | Snake:1  | Reached ***** piety under Ru
 28131 | Snake:2  | Noticed Aizul
 28147 | Snake:2  | Killed Aizul
 28476 | Snake:2  | Learned a level 1 spell: Apportation
 28907 | Snake:3  | Found Taerily's General Store.
 29073 | Snake:3  | Reached XP level 15. HP: 85/136 MP: 16/29
 30024 | Snake:4  | Entered Level 4 of the Snake Pit
 30047 | Snake:4  | Noticed a nagaraja
 30054 | Snake:4  | Killed a nagaraja
 30243 | Snake:4  | Noticed a nagaraja
 30252 | Snake:4  | Killed a nagaraja
 30901 | Snake:4  | Noticed a nagaraja
 30903 | Snake:4  | Noticed a nagaraja
 30934 | Snake:4  | Noticed a nagaraja
 30945 | Snake:4  | Found Qarufid's Antique Weapon Shoppe.
 30960 | Snake:4  | Noticed a nagaraja
 31623 | Snake:4  | Killed a nagaraja
 31707 | Snake:4  | Noticed a nagaraja
 31717 | Snake:4  | Killed a nagaraja
 31807 | Snake:4  | Noticed Vashnia
 31944 | Snake:4  | Noticed a nagaraja
 31948 | Snake:4  | Noticed a nagaraja
 31959 | Snake:3  | Killed a nagaraja
 32466 | Snake:3  | Killed a nagaraja
 32617 | Snake:4  | Noticed a nagaraja
 32746 | Snake:4  | Killed a nagaraja
 32746 | Snake:4  | Reached skill level 10 in Evocations
 32835 | Snake:4  | Noticed a nagaraja
 33262 | Snake:3  | Killed a nagaraja
 33267 | Snake:3  | Killed a nagaraja
 33267 | Snake:3  | Reached XP level 16. HP: 83/147 MP: 15/30
 33387 | Snake:3  | Found Taerily's General Store.
 35622 | Snake:3  | Killed Vashnia
 36177 | Snake:4  | Reached skill level 15 in Fighting
 36365 | Snake:4  | Reached skill level 15 in Unarmed Combat
 36369 | Snake:4  | Got a serpentine rune of Zot
 37232 | Snake:4  | Found Qarufid's Antique Weapon Shoppe.
 37454 | Swamp:1  | Entered Level 1 of the Swamp
 37651 | Swamp:1  | Noticed a thorn hunter
 37665 | Swamp:1  | Killed a thorn hunter
 37785 | Swamp:1  | Found a transporter.
 37806 | Swamp:1  | Found a transporter.
 37863 | Swamp:1  | Noticed a thorn hunter
 37875 | Swamp:1  | Killed a thorn hunter
 38450 | Swamp:2  | Noticed a thorn hunter
 39040 | Swamp:2  | Reached XP level 17. HP: 156/156 MP: 28/31
 39043 | Swamp:2  | Reached skill level 15 in Transmutations
 40085 | Swamp:3  | Noticed Nikola
 40104 | Swamp:3  | Noticed Kirke
 40107 | Swamp:3  | Killed Nikola
 40257 | Swamp:3  | Killed from afar by a thorn hunter

Levels and vault maps discovered:
D:1:      lightli_arrival_farm, layout_basic, nemelex_xobeh_ov_fountains_minmay
D:2:      minmay_skewed_foursquare, layout_loops_ring,
          chequers_ecumenical_altar_simple_redux
D:3:      corexii_shack_village, layout_loops_cross, minmay_divided_ellipse
D:4:      layout_cave_pools, nicolae_gozag_seed_capital, serial_shops, shop,
          uniq_grinder, uniq_pikel
D:5:      layout_rooms, old_standard_altar, first_ration,
          nicolae_ossuary_entry_ruins, st_stairs_12
D:6:      kennysheep_spiral_hall, layout_basic, kennysheep_slug_shrine,
          minmay_temple_entry_hall, palyth_stone_intersect, uniq_duvessa
D:7:      layout_loops_ring, bloody_trog, old_standard_altar
D:8:      layout_cave_pools, kennysheep_little_box,
          lemuel_mausoleum_altar_yredelemnul
D:9:      layout_rooms, led_sif_pool
D:10:     layout_basic, serial_shops, nicolae_shop_stone, shop, shop_statue,
          nicolae_shop_trees, uniq_nergalle
D:11:     layout_roguey, due_lair_maze_entry_diamond, orc_david_3, special_room
          [special_room_orc], gauntlet_entry_generic, uniq_erica, uniq_grum,
          uniq_gastronok
Temple:   minmay_temple_curvy_branch
Lair:1:   layout_roguey, gammafunk_ghost_necromancy, st_stairs_10,
          grunt_megastairs_1, uniq_urug
Lair:2:   layout_hall_layers, minmay_swamp_entry_worms
Lair:3:   layout_roguey, serial_bayou_shore_b
Lair:4:   layout_regular_city, dummy_snake_entry, gammafunk_ghost_hydra_chop,
          serial_bayou_shore_b, uniq_rupert
Lair:5:   layout_regular_city, nicolae_slime_entry_slimehenge,
          beast_lair_carwin_10, lemuel_fruit_fields, lemuel_fruit_fields,
          infiniplex_staircase_pool, serial_bayou_shore_b, lemuel_fruit_fields
Lair:6:   cheibrodos_lair_end_hotspot, layout_long_grid, serial_bayou_pond_a
Swamp:1:  gammafunk_the_bubble [the_bubble_gammafunk_plus_minus],
          layout_basic_swamp, hangedman_swamp_ruin_wall
Swamp:2:  layout_basic_swamp, evilmike_swamp_ruin_rubble_1,
          infiniplex_staircase_pool_2
Swamp:3:  layout_basic_swamp, evilmike_swamp_ruin_house_3, uniq_nikola,
          uniq_kirke
Snake:1:  layout_chambers, serial_shops, nicolae_shop_overgrown_old_shop,
          gammafunk_ghost_berserking_beasts, uniq_jorgrun
Snake:2:  layout_misc_corridors, guppyfry_snake_island, uniq_aizul
Snake:3:  layout_honeycomb, serial_shops, shop_fountains,
          nrook_guardian_serpent_ordinary
Snake:4:  grunt_snake_rune_spirals, layout_onion, serial_shops,
          nicolae_shop_behind_doors, uniq_vashnia
Orc:1:    layout_diamond_mine
Orc:2:    st_orc_town, layout_caves, serial_shops, nicolae_shop_stone,
          nicolae_orc_flooded_monolith, mumra_transporter_accident

Skill      XL: |  1  2  3  4  5  6  7  8  9 10 11 12 13 14 15 16 17 |
---------------+----------------------------------------------------+-----
Dodging        | 2 3 4 5 6 7 8 9 10 | 10.3
Fighting       | 2 3 4 5 7 8 9 10 11 13 14 15 | 15.7
Unarmed Combat | 4 5 6 8 9 10 11 12 13 14 15 | 15.5
Transmutations | 3 4 5 6 8 10 12 14 15 | 15.4
Shields        | 4 |  4.0
Stealth        | 3 5 |  5.0
Spellcasting   | 7 10 | 10.0
Evocations     | 4 8 10 | 10.0

Action                   |  1- 3 |  4- 6 |  7- 9 | 10-12 | 13-15 | 16-18 || total
-------------------------+-------+-------+-------+-------+-------+-------++-------
Melee: Unarmed           |   133 |    95 |    13 |       |   807 |   449 ||  1497
       Tailslap          |    12 |    21 |    34 |   128 |   109 |    57 ||   361
       Punch             |     2 |     4 |     9 |       |    27 |    30 ||    72
       Headbutt          |     1 |     5 |       |       |       |       ||     6
       Kick              |     7 |     7 |     6 |       |       |       ||    20
       Dagger            |       |   160 |   389 |   917 |   268 |    39 ||  1773
       Bite              |       |       |       |       |       |    26 ||    26
 Cast: Beastly Appendage |     5 |    13 |     1 |       |       |       ||    19
       Sticks to Snakes  |     1 |     9 |     8 |    24 |    37 |       ||    79
       Spider Form       |       |       |     1 |       |     3 |       ||     4
       Confusing Touch   |       |       |       |     6 |       |       ||     6
       Blade Hands       |       |       |       |       |   104 |    27 ||   131
       Hydra Form        |       |       |       |       |     7 |     1 ||     8
       Dragon Form       |       |       |       |       |       |    18 ||    18
Invok: Reject Sacrifices |       |       |     1 |       |     2 |       ||     3
       Sacrifice Arcana  |       |       |       |     1 |       |       ||     1
       Sacrifice Essence |       |       |       |     1 |       |       ||     1
       Draw Out Power    |       |       |       |       |    11 |     1 ||    12
       Sacrifice an Eye  |       |       |       |       |     1 |       ||     1
       Sacrifice Love    |       |       |       |       |     1 |       ||     1
       Power Leap        |       |       |       |       |     1 |     1 ||     2
 Abil: Breathe Dispellin |       |       |     1 |     1 |     2 |       ||     4
Evoke: Wand              |       |       |       |     3 |    18 |       ||    21
  Use: Potion            |       |     1 |       |       |    16 |     3 ||    20
       Scroll            |       |     9 |     2 |    20 |    24 |     1 ||    56
 Stab: Sleeping          |     2 |     1 |    11 |    25 |     7 |     2 ||    48
       Distracted        |       |     2 |     3 |     5 |     5 |     5 ||    20
       Confused          |       |       |       |     4 |       |       ||     4
       Invisible         |       |       |       |       |    12 |     2 ||    14
       Paralysed         |       |       |       |       |     3 |     1 ||     4
  Eat: Chunk             |     2 |    11 |    11 |    27 |    19 |    13 ||    83
       Ration            |       |       |     1 |     3 |    13 |     7 ||    24
Armor: Skin              |    34 |    95 |    91 |   212 |   236 |   154 ||   822
Dodge: Dodged            |    82 |   190 |   226 |   550 |   779 |   292 ||  2119
Block: Buckler           |       |       |    31 |   185 |    85 |     5 ||   306

Table legend:
 A = Non-vault XP
 B = Vault XP
 C = Vault XP percentage of total XP
 D = Non-vault monster count
 E = Vault monster count
 F = Vault count percentage of total count
                 A         B        C        D         E       F
            +---------+---------+-------+---------+---------+-------
      Total |  124343 |  113282 |  47.7 |     583 |     360 |  38.2
            +---------+---------+-------+---------+---------+-------
        D:1 |      51 |       0 |   0.0 |      23 |       0 |   0.0
        D:2 |     187 |      25 |  11.8 |      24 |       7 |  22.6
        D:3 |     143 |     126 |  46.8 |      23 |      24 |  51.1
        D:4 |     232 |     876 |  79.1 |      11 |       2 |  15.4
        D:5 |     895 |     178 |  16.6 |      25 |       2 |   7.4
        D:6 |     561 |     271 |  32.6 |      12 |       5 |  29.4
        D:7 |    1466 |       0 |   0.0 |      42 |       0 |   0.0
        D:8 |    1240 |     723 |  36.8 |      17 |      12 |  41.4
        D:9 |    1796 |       0 |   0.0 |      28 |       0 |   0.0
       D:10 |    3274 |     796 |  19.6 |      33 |       1 |   2.9
       D:11 |    3452 |    5853 |  62.9 |      22 |      39 |  63.9
     Lair:1 |    2610 |    2367 |  47.6 |      15 |       8 |  34.8
     Lair:2 |    5903 |     524 |   8.2 |      22 |       3 |  12.0
     Lair:3 |    3295 |       0 |   0.0 |      19 |       0 |   0.0
     Lair:4 |    4595 |    2717 |  37.2 |      20 |       3 |  13.0
     Lair:5 |    7941 |    2825 |  26.2 |      31 |      13 |  29.5
     Lair:6 |    9758 |    6411 |  39.6 |      26 |      24 |  48.0
    Swamp:1 |   16081 |       0 |   0.0 |      30 |       0 |   0.0
    Swamp:2 |    9278 |       0 |   0.0 |      25 |       0 |   0.0
    Swamp:3 |   11146 |    3959 |  26.2 |      26 |       2 |   7.1
    Snake:1 |    8786 |    2604 |  22.9 |      17 |       1 |   5.6
    Snake:2 |    5151 |    2952 |  36.4 |      13 |       3 |  18.8
    Snake:3 |    9151 |   22091 |  70.7 |      21 |      20 |  48.8
    Snake:4 |   14906 |   49189 |  76.7 |      27 |      77 |  74.0
      Orc:1 |    1548 |       0 |   0.0 |      17 |       0 |   0.0
      Orc:2 |     897 |    8590 |  90.5 |      14 |      57 |  80.3
    Ossuary |       0 |     205 | 100.0 |       0 |      57 | 100.0
            +---------+---------+-------+---------+---------+-------
